 Dungeon Crawl Stone Soup version 0.27-a0-1119-gbf574a6a6b (webtiles) character file.

Game seed: 17222624217610289241

1031 Zeld the Chucker (level 8, -3/55 HPs)
             Began as an Octopode Fighter on May 2, 2021.
             Slain by an orc warrior
             ... wielding a +0 glaive
              (22 damage)
             ... on level 6 of the Dungeon.
             The game lasted 00:06:23 (5752 turns).

Zeld the Chucker (Octopode Fighter)                 Turns: 5752, Time: 00:06:24

Health: -3/55      AC:  1    Str: 17    XL:     8   Next: 23%
Magic:  8/8        EV: 15    Int: 11    God:
Gold:   55         SH:  9    Dex: 11    Spells: 7/7 levels left

rFire    . . .     SeeInvis .   a - +0 war axe
rCold    . . .     Faith    .   b - +0 kite shield
rNeg     . . .     Spirit   .   (helmet restricted)
rPois    +         Reflect  .   (no amulet)
rElec    .         Harm     .   i - ring of flight
rCorr    .         Rampage  .   v - +4 ring of evasion
Will     .....                  u - ring of poison resistance
Stlth    ++........             (no ring)
HPRegen  0.18/turn              (no ring)
MPRegen  0.11/turn              (no ring)
                                (no ring)
                                (no ring)

@: flying
A: almost no armour, amphibious, 8 rings, camouflage 1, gelatinous body 1,
(nimble swimmer 1), tentacles
a: no special abilities


You were on level 6 of the Dungeon.
You visited 2 branches of the dungeon, and saw 7 of its levels.

You collected 198 gold pieces.
You spent 143 gold pieces at shops.

Inventory:

Hand Weapons
 a - a +0 war axe (weapon)
Missiles
 n - 33 poisoned darts (quivered)
Armour
 b - a +0 kite shield (worn)
Jewellery
 i - a ring of flight (left tentacle)
 u - a ring of poison resistance (on tentacle)
 v - a +4 ring of evasion (right tentacle)
Wands
 h - a wand of flame (16)
Scrolls
 c - a scroll of identify
 e - 2 scrolls of enchant weapon
 g - a scroll of brand weapon
 k - a scroll of fear
 o - 6 scrolls of teleportation
 x - a scroll of blinking
Potions
 d - 2 potions of haste
 f - 3 potions of curing
 l - a potion of mutation {unknown}
 p - a potion of magic {unknown}
 r - 2 potions of heal wounds {unknown}
 s - a potion of attraction {unknown}
 t - 2 potions of berserk rage
 w - 2 potions of invisibility {unknown}


   Skills:
 * Level 5.0 Fighting
 * Level 4.4 Axes
 - Level 6.0 Throwing
 - Level 3.0 Dodging
 * Level 5.0 Shields


You had 7 spell levels left.
You didn't know any spells.
Your spell library contained the following spells:

 Spells                   Type           Power      Damage    Failure   Level
 Animate Skeleton         Necr           0%         N/A       78%         1
 Apportation              Tloc           0%         N/A       78%         1
 Beastly Appendage        Tmut           0%         N/A       78%         1
 Corona                   Hex            0%         N/A       78%         1
 Summon Small Mammal      Summ           0%         N/A       78%         1
 Wereblood                Tmut           0%         N/A       89%         2
 Spider Form              Tmut/Pois      0%         N/A       98%         3
 Ice Form                 Ice/Tmut       0%         N/A       100%        4
 Hydra Form               Tmut           0%         N/A       100%        5


Dungeon Overview and Level Annotations

Branches:
Dungeon (6/15)             Temple (1/1) D:6

Altars:
Ashenzari
Cheibriados
Dithmenos
Fedhas
Gozag
Hepliaklqana
Kikubaaqudgha
Makhleb
Qazlal
Ru
Sif Muna
Trog
Uskayaw
Vehumet
Wu Jian
Yredelemnul
The Shining One

Shops:
D:5 !


Innate Abilities, Weirdness & Mutations

You cannot wear most types of armour.
You are amphibious.
You can wear up to eight rings at the same time.
Your skin changes colour to match your surroundings (Stealth+).
Your rubbery body absorbs attacks. (AC +1, EV +1)
((You are camouflaged near water. (Stealth+)))
You have tentacles for arms and can constrict up to eight enemies at once.


Message History

You hit the orc priest. You grab the orc priest.
The orc priest is almost dead.
You hit the centaur zombie but do no damage.
You constrict the orc priest.
You kill the orc priest!
The centaur zombie hits you. You block the centaur zombie's attack.
Training target 6.0 for Throwing reached!
Your Throwing skill increases to level 6!
You need to enable at least one skill for training.
You hit the centaur zombie.
The centaur zombie is almost destroyed.
The centaur zombie hits you. The centaur zombie misses you.
The centaur zombie hits you. You block the centaur zombie's attack.
You completely miss the centaur zombie.
The centaur zombie is almost destroyed.
You block the centaur zombie's attack. The centaur zombie misses you.
The centaur zombie hits you.
* * * LOW HITPOINT WARNING * * *
You block the centaur zombie's attack.
You feel better. The centaur zombie closely misses you.
The centaur zombie barely misses you. The centaur zombie hits you.
* * * LOW HITPOINT WARNING * * *
You block the centaur zombie's attack.
You slash the centaur zombie!
You destroy the centaur zombie!
Your Fighting skill increases to level 5!
Your Shields skill increases to level 5!
Unknown command.
There is a staircase to the Ecumenical Temple, spattered with blood here.
You see here a +0 dagger.
Found a blue potion.
An orc warrior comes into view. It is wielding a +0 glaive.
The orc warrior shouts!
You hear a shout!
The orc priest looks satisfied for a moment.
As you read the scroll of fear, it crumbles to dust.
You assume a fearsome visage.
The orc warrior resists with some effort.
The orc priest looks frightened!
The orc warrior closely misses you.
The orc warrior hits you from afar with a +0 glaive!!
You die...

...............
#.o...........#
.............+
#...........#
#...........####
+....o.........#
#..!...........#
#....@.........#
.................#
.....####....#####
#### #....# #....#
#....# #....###
#......# ######.#


You could see an orc warrior and an orc priest (fleeing).

Vanquished Creatures
  A black bear (D:5)
  A necrophage (D:5)
  An ogre (D:6)
  A wyvern zombie (D:6)
  2 scorpions
  2 water moccasin zombies (D:5)
  2 water moccasin skeletons (D:6)
  A jelly (D:5)
  A bullfrog skeleton (D:5)
  A centaur zombie (D:6)
  An orc priest (D:6)
  2 hounds
  Jessica (D:2)
  An iguana (D:4)
  A hound zombie (D:5)
  3 gnolls (D:6)
  2 adders
  An ufetubus (Temple)
  2 adder skeletons (D:4)
  3 worms
  2 dart slugs
  6 orcs
  5 ball pythons
  5 bats
  5 endoplasms
  4 giant cockroaches
  3 goblins
  6 hobgoblins
  6 jackals
  A quokka (D:2)
  3 frilled lizards
  9 kobolds
  7 rats
92 creatures vanquished.

Notes
Turn   | Place    | Note
-------+----------+-------------------------------------------
     0 | D:1      | Zeld the Octopode Fighter began the quest for the Orb.
     0 | D:1      | Reached XP level 1. HP: 16/16 MP: 1/1
    65 | D:2      | Reached XP level 2. HP: 17/21 MP: 2/2
   383 | D:3      | Reached XP level 3. HP: 21/26 MP: 3/3
   385 | D:3      | Found a hide-covered altar of Uskayaw.
   506 | D:4      | Found a broken altar of Ashenzari.
  1023 | D:4      | Reached XP level 4. HP: 9/33 MP: 4/4
  1442 | D:5      | Entered Level 5 of the Dungeon
  1449 | D:5      | Reached XP level 5. HP: 37/37 MP: 5/5
  1450 | D:5      | Noticed a black bear
  1459 | D:5      | Killed a black bear
  1460 | D:5      | Reached XP level 6. HP: 23/44 MP: 6/6
  1685 | D:5      | Found an ancient bone altar of Kikubaaqudgha.
  1692 | D:5      | Noticed a necrophage
  1701 | D:5      | Found Soxaz's Distillery.
  1703 | D:5      | Killed a necrophage
  1716 | D:5      | Bought a potion of curing for 33 gold pieces
  3121 | D:2      | Noticed Jessica
  3124 | D:2      | Killed Jessica
  3125 | D:2      | Reached skill level 1 in Throwing
  3125 | D:2      | Reached XP level 7. HP: 49/49 MP: 7/7
  3231 | D:2      | Found a faded altar of an unknown god.
  4388 | D:4      | Reached skill level 2 in Throwing
  4766 | D:5      | Bought a potion of berserk rage for 55 gold pieces
  4766 | D:5      | Bought a potion of berserk rage for 55 gold pieces
  4775 | D:5      | Reached skill level 3 in Throwing
  5198 | D:6      | Reached skill level 4 in Throwing
  5294 | D:6      | Found a staircase to the Ecumenical Temple.
  5315 | D:6      | Reached skill level 5 in Throwing
  5315 | D:6      | Reached XP level 8. HP: 54/54 MP: 8/8
  5379 | Temple   | Entered the Ecumenical Temple
  5726 | D:6      | Reached skill level 6 in Throwing
  5730 | D:6      | Reached skill level 5 in Fighting
  5730 | D:6      | Reached skill level 5 in Shields
  5752 | D:6      | Slain by an orc warrior

Illustrated notes

Levels and vault maps discovered:
D:1:      dpeg_arrival_brainrot, layout_loops_ring
D:2:      layout_rooms, shapermc_ecumenical_altar_totnotflames,
          kennysheep_potato, uniq_jessica
D:3:      layout_rooms, general_overflow_altar, kennysheep_minor_cross,
          kennysheep_generic_room_10
D:4:      layout_basic, lemuel_tele_altar
D:5:      layout_cave_pools, kennysheep_little_box, serial_shops,
          nicolae_shop_window_shopping
D:6:      layout_basic, minmay_temple_entry_antechambers, enter_ossuary_2,
          uniq_duvessa
Temple:   zaba_magenta_temple

Skill      XL: |  1  2  3  4  5  6  7  8 |
---------------+-------------------------+-----
Axes           | 3 4 |  4.4
Fighting       | 4 5 |  5.0
Shields        | 4 5 |  5.0
Throwing       | 1 5 6 |  6.0
Dodging        | |  3.0

Action                   |  1- 3 |  4- 6 |  7- 9 || total
-------------------------+-------+-------+-------++-------
Melee: War axe           |    56 |    41 |    89 ||   186
       Constrict         |    12 |    12 |    22 ||    46
       Tentacles         |     9 |     5 |    13 ||    27
  Use: Potion            |     1 |     3 |     3 ||     7
       Scroll            |       |       |     9 ||     9
 Stab: Sleeping          |     4 |     5 |     7 ||    16
       Distracted        |       |     1 |       ||     1
Armor: Skin              |     6 |     2 |     3 ||    11
Dodge: Dodged            |    33 |    25 |    80 ||   138
Block: Kite shield       |    31 |    20 |    68 ||   119

Table legend: (Time is in decaauts)
 A = Elapsed time spent in this place.
 B = Non-inter-level travel time spent in this place.
 C = Inter-level travel time spent in this place.
 D = Time resting spent in this place.
 E = Time spent auto-exploring this place.
 F = Levels seen in this place.
 G = Mean time per level.
                   A        B        C        D        E       F      G
               +--------+--------+--------+--------+--------+-----+--------+
         Total |   5844 |   5602 |    242 |   1040 |   3524 |   7 |  834.9 |
       Dungeon |   5503 |   5279 |    224 |    776 |   3471 |   6 |  917.2 |
        Temple |    340 |    322 |     18 |    264 |     53 |   1 |  340.0 |
               +--------+--------+--------+--------+--------+-----+--------+

Top non-repeatable levels by time:
     D:4: 1587 daAuts
     D:5: 983 daAuts
     D:3: 925 daAuts
     D:2: 845 daAuts
     D:1: 798 daAuts
     D:6: 363 daAuts
  Temple: 340 daAuts
